Map: Cyber Forest LE

Players

Neeb - Winner!

  • Race: Protoss Protoss
  • Spawn Location: 11:00

Ragnarok (SHIN)

  • Race: Zerg Zerg
  • Spawn Location: 5:00

Event: IEM Season 13: Katowice (2019)

VOD

Have the link to the VOD?

Description

Time

  • Played on: March 2, 2019, 7:25 a.m.
  • Length: 9:23

All games in this series

Show
View Real Time Build Order
Export as new Build Order

Neeb Protoss - Winner!

Build Orders: 1 Gate Expand, Archon Immortal, Archon Drop, Dark Templar Rush 

Get SALT Encoding   

  12  0:00  Probe  
  13  0:12  Probe  
  14  0:18  Pylon  
  14  0:24  Probe  
  15  0:33  Probe  
  15  0:41  Gateway, Probe  
  17  0:50  Assimilator  
  17  0:52  Probe  
  18  1:04  Pylon, Probe  
  19  1:16  Probe  
  20  1:29  Cybernetics Core  
  20  1:38  Nexus  
  20  1:42  Probe  
  21  1:48  Pylon  
  21  1:54  Probe  
  22  1:56  Adept, Assimilator  
  22  2:06  Probe  
  25  2:16  Adept  
  25  2:18  Probe  
  26  2:28  Warp Gate  
  28  2:30  Probe  
  28  2:36  Twilight Council  
  29  2:42  Probe  
  30  2:47  Probe  
  30  2:50  Stalker  
  33  2:54  Probe  
  33  2:55  Probe  
  34  3:04  Robotics Facility  
  34  3:05  Probe  
  35  3:06  Probe  
  37  3:17  Probe  
  38  3:24  Probe  
  37  3:28  Dark Shrine  
  37  3:30  Probe  
  38  3:35  Gateway  
  38  3:36  Gateway, Probe  
  39  3:42  Warp Prism, Probe  
  39  3:46  Gateway  
  39  3:48  Probe  
  43  3:56  Assimilator  
  43  4:01  Pylon, Probe  
  43  4:02  Probe  
  45  4:08  Assimilator  
  45  4:13  Probe  
  46  4:18  Pylon  
  46  4:19  Probe  
  47  4:25  Probe  
  47  4:30  Pylon  
  47  4:31  Probe  
  49  4:37  Probe  
  50  4:39  Pylon  
  50  4:45  Dark Templar x4  
  58  4:46  Observer  
  58  4:47  Pylon  
  58  4:49  Archon x2  
  59  4:54  Probe x2  
  61  5:00  Immortal  
  61  5:02  Forge  
  65  5:21  Nexus  
  65  5:27  Adept x2  
  69  5:29  Probe  
  69  5:35  Probe  
  71  5:37  Sentry x2  
  71  5:42  Protoss Ground Weapons Level 1  
  75  5:46  Probe  
  75  5:49  Immortal  
  76  5:55  Probe  
  77  6:01  Sentry x2  
  85  6:10  Probe  
  82  6:15  Gateway  
  82  6:16  Gateway  
  82  6:17  Gateway  
  82  6:18  Gateway, Adept x2  
  86  6:21  Pylon, Charge  
  86  6:29  Pylon  
  86  6:33  Immortal  
  86  6:42  Probe  
  86  6:43  Dark Templar x2  
  91  6:49  Pylon  
  91  6:52  Probe x2  
  93  6:54  Probe  
  94  7:05  Immortal  
  94  7:07  Probe x2  
  96  7:09  Probe  
  96  7:11  Pylon  
  101  7:19  Probe x2  
  101  7:21  Dark Templar x2  
  101  7:22  Zealot  
  109  7:23  Pylon  
  109  7:25  Archon  
  109  7:32  Archon  
  109  7:40  Probe x2  
  109  7:41  Photon Cannon x2  
  110  7:46  Dark Templar x2, Zealot  
  110  7:47  Zealot x2  
  110  7:50  Pylon  
  120  7:52  Archon  
  120  7:56  Observer  
  121  7:58  Pylon  
  121  8:05  Zealot x2  
  125  8:18  Immortal  
  123  8:22  Zealot x6  
  123  8:45  Zealot x6  
  123  8:46  Zealot x2  
  121  8:52  Probe  
  121  8:53  Probe x2  
  110  8:58  Assimilator  
  110  8:59  Assimilator  
  106  9:11  Zealot x8  
Show
View Real Time Build Order
Export as new Build Order

Ragnarok Zerg 

Build Orders: Hatch First, Swarm Host 

Get SALT Encoding   

  12  0:00  Drone  
  13  0:12  Overlord  
  13  0:17  Drone  
  14  0:30  Drone  
  15  0:41  Drone x2  
  17  0:53  Hatchery  
  17  0:56  Drone  
  17  0:59  Drone  
  18  1:11  Extractor  
  17  1:15  Spawning Pool  
  16  1:18  Drone  
  16  1:23  Drone  
  18  1:29  Drone  
  19  1:38  Drone  
  20  1:52  Hatchery  
  19  1:56  Drone  
  20  2:03  Zergling x2  
  21  2:09  Queen  
  21  2:14  Zergling x2  
  24  2:23  Queen  
  26  2:33  Overlord  
  26  2:36  Zergling x2  
  27  2:39  Zergling x2  
  28  2:52  Drone x3  
  28  2:56  Zergling x2  
  28  2:58  Drone x2  
  34  3:03  Queen  
  36  3:12  Queen  
  38  3:19  Zergling x2  
  37  3:21  Drone x2  
  37  3:25  Drone  
  39  3:30  Drone  
  40  3:35  Overlord  
  40  3:38  Lair  
  40  3:40  Drone  
  41  3:42  Drone  
  42  3:50  Overlord  
  42  3:54  Drone x3  
  42  3:55  Drone  
  46  4:02  Roach Warren  
  45  4:04  Drone  
  45  4:06  Drone  
  45  4:07  Drone  
  45  4:09  Drone  
  49  4:13  Drone  
  49  4:16  Extractor, Drone x2  
  51  4:19  Overlord  
  51  4:23  Overlord  
  51  4:27  Spore Crawler  
  50  4:40  Drone x2  
  50  4:41  Roach x3  
  50  4:42  Roach x2  
  50  4:44  Roach  
  64  4:45  Overseer  
  64  4:50  Glial Reconstitution  
  64  4:51  Drone  
  65  4:55  Extractor  
  65  4:57  Roach  
  65  4:59  Overlord  
  66  5:02  Overlord  
  66  5:13  Overlord  
  66  5:16  Queen  
  66  5:17  Drone x3  
  66  5:18  Drone x3  
  66  5:20  Drone  
  74  5:28  Roach x2  
  78  5:29  Drone x3  
  81  5:36  Roach  
  81  5:37  Roach x2  
  81  5:38  Roach  
  81  5:41  Overlord  
  89  5:44  Overlord  
  89  5:46  Overlord  
  89  5:48  Drone  
  88  5:51  Drone x2  
  88  5:52  Drone  
  88  5:56  Drone  
  90  6:01  Drone x3  
  90  6:05  Drone  
  90  6:06  Drone x3  
  90  6:09  Drone x3  
  90  6:10  Overseer  
  96  6:12  Drone  
  96  6:13  Drone  
  98  6:20  Drone  
  98  6:21  Drone  
  98  6:22  Metabolic Boost  
  100  6:25  Spore Crawler  
  100  6:26  Extractor  
  100  6:32  Drone x3  
  101  6:33  Drone x2  
  101  6:36  Queen  
  102  6:41  Extractor x2  
  102  6:42  Drone x3, Infestation Pit  
  102  6:46  Overlord x2  
  102  6:56  Overseer  
  102  6:57  Drone x3  
  102  6:58  Drone  
  102  7:00  Overlord  
  105  7:04  Overlord  
  105  7:15  Roach x4  
  113  7:16  Roach x4  
  113  7:17  Overlord x3  
  121  7:29  Overlord  
  121  7:30  Overlord  
  121  7:36  Swarm Host x5  
  124  7:43  Swarm Host x3  
  142  7:45  Swarm Host x2  
  142  7:48  Roach  
  153  7:56  Overlord  
  153  7:57  Roach x4  
  161  8:02  Hatchery  
  161  8:03  Roach x2  
  161  8:04  Evolution Chamber  
  161  8:05  Ravager  
  163  8:08  Ravager, Zergling x2  
  163  8:09  Zergling x6  
  168  8:19  Roach x5  
  174  8:24  Roach x4  
  164  8:27  Roach  
  164  8:29  Roach  
  164  8:33  Roach x2  
  166  8:38  Roach  
  166  8:41  Roach  
  154  8:43  Roach  
  154  8:46  Roach  
  129  8:53  Roach x2  
  109  8:59  Roach  
  109  9:02  Roach  
  95  9:03  Roach  

Tags
 
Add a new tag
Caveats
  • Supply blocks, unpowered buildings, or Contaminate may cause inaccurate times.
  • Supply counts are checked every 10 seconds.